AoeStats
← [KMNB] Bandeira

Oasis

507133670Analyzed
2v2 RM · 17d ago on Sep 16, 2026· 46m 43s· 4 players
Game mode
Random Map
Map size
Medium (4 player)
Population
200
Speed
Normal
Resources
Standard
Victory
Conquest
Starting age
Dark Age
Ending age
Imperial Age
RankedLock teamsTeams togetherTeam positionsShared explorationLock speedFull tech treeHidden civsTurbo modeCheats
Victory
Defeat
🇧🇷 Saracens · Brazil
1517
+12
🇧🇷 Mongols · Brazil
1450
+14
🇺🇸 Hindustanis · United States
1420
-13
🇩🇪 Saracens · Germany
1420
-13
V-Dub | Darius
5:04 Loom
9:48 Feudal Age
12:01 Double-Bit Axe
11:57 Horse Collar
17:57 Wheelbarrow
20:39 Castle Age
19:26 Scale Barding Armor
19:47 Bloodlines
22:20 Bow Saw
22:16 Heavy Plow
24:01 Fletching
27:21 Bodkin Arrow
32:43 Town Watch
33:03 Gold Mining
33:03 Stone Mining
36:38 Imperial Age
34:11 Grand Trunk Road
34:20 Scale Mail Armor
35:17 Chain Mail Armor
35:17 Forging
36:51 Iron Casting
38:39 Blast Furnace
38:03 Chain Barding Armor
37:05 Onager
38:10 Conscription
38:42 Gold Shaft Mining
38:23 Siege Engineers
38:02 Light Cavalry
38:43 Husbandry
39:31 Plate Barding Armor
39:05 Bracer
39:18 Elite Ghulam
42:03 Hussar
V-Dub | Andi
7:05 Loom
9:47 Feudal Age
11:12 Double-Bit Axe
12:02 Horse Collar
14:07 Fletching
15:26 Padded Archer Armor
16:58 Town Watch
21:04 Castle Age
20:44 Gold Mining
21:41 Bodkin Arrow
21:16 Crossbowman
22:59 Leather Archer Armor
26:48 Ballistics
27:14 Bow Saw
28:38 Wheelbarrow
32:58 Thumb Ring
38:48 Heavy Plow
41:52 Imperial Age
40:12 Hand Cart
42:36 Bracer
44:58 Chemistry
43:48 Arbalester
45:25 Scale Barding Armor
45:31 Forging
47:05 Bloodlines
46:55 Husbandry
[KMNB] Bandeira
3:42 Loom
9:48 Feudal Age
13:57 Fletching
16:12 Padded Archer Armor
16:37 Double-Bit Axe
24:39 Castle Age
23:56 Gold Mining
23:48 Horse Collar
24:39 Crossbowman
25:27 Bodkin Arrow
27:11 Ballistics
28:39 Light Cavalry
30:28 Forging
33:43 Leather Archer Armor
44:17 Elite Skirmisher
[KMNB] Dedão
6:32 Loom
8:52 Feudal Age
9:58 Double-Bit Axe
13:53 Fletching
16:22 Wheelbarrow
21:25 Castle Age
19:40 Gold Mining
19:49 Horse Collar
21:30 Crossbowman
22:06 Bodkin Arrow
22:34 Bow Saw
26:16 Heavy Plow
26:57 Padded Archer Armor
28:19 Ballistics
29:14 Hand Cart
29:56 Bloodlines
31:43 Town Watch
32:03 Stone Mining
35:13 Imperial Age
34:18 Leather Archer Armor
35:55 Gold Shaft Mining
35:23 Elite Mangudai
36:24 Conscription
36:37 Parthian Tactics
37:15 Chemistry
36:19 Bracer
36:19 Capped Ram
37:25 Drill
37:57 Thumb Ring
38:00 Scale Barding Armor
38:06 Forging
39:00 Husbandry
38:28 Siege Ram
39:48 Light Cavalry
40:38 Hussar
44:02 Chain Barding Armor
44:18 Iron Casting
Connection lost

Rejoining the realm…

Still unreachable

The connection could not be restored.

Session expired

The server has moved on; the page needs a fresh start.